Map: Dusk Towers

Players

Miszu

  • Race: Terran Terran
  • League: Master

Redhorrn - Winner!

  • Race: Terran Terran
  • League: Master

VOD

Have the link to the VOD?

Description

Time

  • Played on: March 22, 2016, 1:52 p.m.
  • Length: 10:55
Show
View Real Time Build Order
Export as new Build Order

Miszu Terran 

Build Orders: Command Center First (CC), MMM Bio 

Get SALT Encoding   

  12  0:00  SCV  
  13  0:13  SCV  
  14  0:18  Supply Depot  
  14  0:25  SCV  
  15  0:40  SCV  
  16  0:52  SCV  
  17  1:04  SCV  
  18  1:11  Command Center  
  18  1:16  SCV  
  19  1:23  Barracks  
  19  1:28  SCV  
  19  1:31  Barracks  
  20  1:40  SCV  
  20  1:42  Barracks  
  21  1:52  SCV  
  22  2:09  Orbital Command  
  22  2:10  Marine  
  23  2:22  Marine  
  23  2:23  Orbital Command  
  23  2:28  Marine  
  25  2:31  Refinery x2  
  25  2:32  Marine  
  25  2:38  SCV  
  25  2:40  Marine  
  26  2:46  Marine  
  26  2:49  Marine, SCV  
  29  2:53  SCV  
  29  2:58  Marine  
  30  3:01  Supply Depot  
  30  3:02  SCV  
  33  3:06  Barracks Tech Lab  
  33  3:07  Marine, SCV  
  34  3:14  SCV  
  34  3:16  Marine  
  36  3:22  SCV  
  36  3:25  Marine x2  
  36  3:26  SCV  
  40  3:28  Stimpack  
  40  3:34  Marine, SCV  
  40  3:38  SCV  
  43  3:43  Marine  
  43  3:46  Factory, SCV  
  46  3:53  Supply Depot  
  46  3:55  Barracks Reactor, Barracks Tech Lab, SCV  
  46  3:58  Supply Depot, Engineering Bay  
  46  4:02  Refinery  
  46  4:06  Supply Depot  
  46  4:14  Marine, SCV x2  
  46  4:16  Marauder  
  51  4:26  SCV x2  
  51  4:29  Terran Infantry Weapons Level 1  
  53  4:31  Starport  
  53  4:32  Marine x2  
  53  4:36  Marine  
  53  4:37  Factory Reactor  
  56  4:38  SCV x2  
  56  4:42  Supply Depot  
  56  4:45  Marine  
  59  4:50  Marine, SCV  
  59  4:51  Marine, SCV  
  63  4:57  Marine  
  64  5:03  Marine, SCV  
  64  5:04  SCV  
  64  5:06  Supply Depot  
  67  5:08  Marine  
  67  5:11  Marine  
  69  5:15  SCV  
  69  5:16  SCV  
  69  5:17  Medivac x2  
  77  5:24  Supply Depot  
  77  5:26  Marine  
  77  5:28  SCV x2  
  81  5:29  Marine  
  81  5:30  Marine x2  
  81  5:31  Combat Shields  
  81  5:34  Factory Tech Lab  
  80  5:40  SCV x2  
  73  5:50  Marine x3, Marauder  
  73  5:51  Medivac  
  73  5:52  SCV  
  73  5:54  Siege Tank, SCV  
  85  6:01  Missile Turret  
  85  6:03  Supply Depot  
  85  6:04  SCV  
  85  6:05  Supply Depot  
  85  6:07  Marine, SCV  
  85  6:08  Marine  
  89  6:11  Refinery  
  89  6:17  SCV  
  90  6:22  Marine  
  90  6:23  Marine  
  92  6:26  Marine x2  
  94  6:34  SCV  
  94  6:37  SCV  
  94  6:39  Command Center  
  96  6:40  Marine x2  
  96  6:41  Supply Depot  
  96  6:43  Marine  
  96  6:44  Supply Depot, Marine  
  100  6:49  SCV x2  
  102  6:58  Barracks, Marine x2, Siege Tank  
  102  6:59  Terran Infantry Armor Level 1, Barracks  
  106  7:01  Marine  
  103  7:11  Marauder  
  105  7:16  Marine x2  
  105  7:19  Marine  
  108  7:24  Medivac x2  
  112  7:30  Siege Tank  
  112  7:32  Marine  
  112  7:34  Marine x2  
  118  7:37  Marine  
  110  7:51  Marine  
  110  7:52  Marauder  
  110  7:53  Marine  
  110  7:54  Marine  
  110  7:56  Marine  
  98  8:11  Marine  
  98  8:12  Marine  
Show
View Real Time Build Order
Export as new Build Order

Redhorrn Terran - Winner!

Build Orders: Reaper Expand, MMM Bio 

Get SALT Encoding   

  12  0:01  SCV  
  13  0:13  SCV  
  14  0:18  Supply Depot  
  14  0:25  SCV  
  15  0:40  SCV  
  15  0:42  Barracks  
  16  0:47  Refinery  
  16  0:52  SCV  
  17  1:04  SCV  
  18  1:16  SCV  
  19  1:29  Reaper, Orbital Command  
  20  1:42  Command Center  
  20  1:51  Supply Depot  
  20  1:55  SCV  
  21  2:01  Marine  
  21  2:07  SCV  
  23  2:09  Factory  
  23  2:19  SCV  
  23  2:20  Refinery  
  24  2:24  Barracks Reactor  
  24  2:31  SCV  
  25  2:43  SCV  
  26  2:54  Barracks  
  26  2:55  Widow Mine, SCV  
  26  2:57  Orbital Command  
  29  3:03  Marine x2  
  31  3:07  SCV  
  32  3:22  Marine x2, SCV  
  32  3:26  SCV  
  35  3:30  Factory Reactor  
  35  3:33  Starport  
  35  3:34  SCV  
  35  3:38  SCV  
  37  3:41  Barracks Tech Lab  
  37  3:42  Marine x2  
  37  3:44  Barracks  
  37  3:46  Supply Depot, SCV  
  40  3:50  SCV  
  41  3:58  SCV  
  41  4:00  Marine x3, Stimpack  
  45  4:03  SCV  
  45  4:05  Supply Depot  
  46  4:10  SCV  
  46  4:15  SCV  
  46  4:16  Factory Tech Lab  
  48  4:17  Refinery, Marine  
  48  4:18  Medivac x2  
  48  4:22  SCV  
  54  4:26  Marine x2  
  54  4:27  Supply Depot, SCV  
  57  4:33  Marine  
  57  4:34  SCV  
  57  4:35  Marine  
  60  4:39  SCV  
  60  4:44  Refinery  
  61  4:46  Marine  
  61  4:48  Marine, Siege Tank, SCV  
  61  4:49  Supply Depot  
  61  4:51  Barracks Reactor, SCV  
  68  4:56  Marine  
  69  5:00  SCV  
  69  5:01  Supply Depot  
  70  5:10  Marine x2, SCV  
  70  5:12  Barracks  
  70  5:13  Barracks  
  73  5:17  Supply Depot  
  73  5:18  Supply Depot  
  73  5:19  Starport Reactor, Marine  
  74  5:24  SCV  
  74  5:25  Siege Tank  
  78  5:29  Marine x3  
  78  5:30  Marine  
  67  5:52  Marine x2  
  67  5:53  Marine x3  
  67  5:54  SCV x2  
  74  5:57  Medivac x2  
  74  6:00  Siege Tank  
  74  6:02  Combat Shields  
  81  6:06  Marine x3, SCV  
  81  6:09  SCV  
  81  6:10  Marine x3  
  89  6:12  Supply Depot  
  89  6:14  Marine x2  
  89  6:18  SCV  
  92  6:24  Marine x3  
  95  6:27  Medivac x2  
  95  6:31  Supply Depot, Marine  
  100  6:33  Siege Tank  
  100  6:37  Marine  
  100  6:38  Marine x3  
  106  6:52  Marine  
  106  6:53  Marine x3  
  110  6:55  Marine x2  
  110  7:01  Supply Depot  
  112  7:04  Marine  
  112  7:05  Marine, Command Center  
  112  7:06  SCV x2  
  116  7:11  Marine  
  116  7:13  Marine  
  118  7:18  Supply Depot  
  118  7:19  Supply Depot, Marine, Siege Tank  
  118  7:20  Marine  
  118  7:21  Marine x2  
  121  7:33  Marine  
  117  7:40  Marine  
  117  7:41  Marine x5  
  94  9:11  Command Center  
  94  9:14  Barracks  
Tags
 
Add a new tag
Caveats
  • Supply blocks, unpowered buildings, or Contaminate may cause inaccurate times.
  • Supply counts are checked every 10 seconds.